SAAA
TORTOLITA DRUMMERS @ ALLOWAY HALBERDS
08/23/2030
 
TOP OF THE 1ST
Tortolita Drummers batting - Pitching for Alloway Halberds : RHP Antonio Godfrey
Pitching: RHP Antonio Godfrey
Batting: RHB Sean Godron 0-0: Called Strike
0-1: Ball
1-1: Foul Ball, location: 2F
1-2: Ground out 6-3 (Groundball, 6)
Batting: SHB Cash Masters 0-0: Foul Ball, location: 2F
0-1: Called Strike
0-2: Ball
1-2: Strikes out looking
Batting: RHB Ricardo Pacheco 0-0: Ball
1-0: SINGLE (Flyball, 8RS)
Batting: SHB Javier Vázquez 0-0: Ball
1-0: Foul Ball, location: 2F
1-1: Foul Ball, location: 2F
1-2: Foul Ball, location: 2F
1-2: Strikes out swinging
Top of the 1st over - 0 runs, 1 hit, 0 errors, 1 left on base; Tortolita 0 - Alloway 0
BOTTOM OF THE 1ST
Alloway Halberds batting - Pitching for Tortolita Drummers : LHP Paul Díaz
Pitching: LHP Paul Díaz
Batting: RHB Vito Middendorf 0-0: Fly out, F8 (Flyball, 8RD)
Batting: RHB Dave Ash 0-0: Bunted foul
0-1: Ground out 4-3 (Groundball, 34)
Batting: RHB Jerry Yates 0-0: Ball
1-0: Ball
2-0: Foul Ball, location: 2F
2-1: Foul Ball, location: 2F
2-2: Ball
3-2: Foul Ball, location: 2F
3-2: Ground out 4-3 (Groundball, 4M)
Bottom of the 1st over - 0 runs, 0 hits, 0 errors, 0 left on base; Tortolita 0 - Alloway 0
TOP OF THE 2ND
Tortolita Drummers batting - Pitching for Alloway Halberds : RHP Antonio Godfrey
Batting: RHB Jim Burch 0-0: Called Strike
0-1: Foul Ball, location: 2F
0-2: Fly out, F8 (Flyball, 8LD)
Batting: LHB Steve Costillo 0-0: Ball
1-0: Foul Ball, location: 2F
1-1: Foul Ball, location: 2F
1-2: DOUBLE (Line Drive, 78D)
Batting: RHB Jesús Cisneros 0-0: Foul Ball, location: 2F
0-1: Ball
1-1: Ball
2-1: Foul Ball, location: 2F
2-2: Ball
3-2: Base on Balls
Batting: SHB Anthony Hopkins 0-0: Ball
Steve Costillo steals 3rd base
Jesús Cisneros to second
1-0: Ball
2-0: Called Strike
2-1: Called Strike
2-2: Foul Ball, location: 2F
2-2: Strikes out looking
Batting: RHB Jeb Sexton 0-0: Ball
1-0: Fly out, F6 (Popup, 56D)
Top of the 2nd over - 0 runs, 1 hit, 0 errors, 2 left on base; Tortolita 0 - Alloway 0
BOTTOM OF THE 2ND
Alloway Halberds batting - Pitching for Tortolita Drummers : LHP Paul Díaz
Batting: RHB Carlos De Jesús 0-0: Fly out, F7 (Flyball, 7S)
Batting: RHB Juan Salinas 0-0: Ball
1-0: Fly out, F9 (Flyball, 9)
Batting: RHB Jordan Hollins 0-0: DOUBLE (Groundball, 5L)
Batting: RHB Bryan Clifton 0-0: Called Strike
0-1: Swinging Strike
0-2: Foul Ball, location: 2F
0-2: Foul Ball, location: 2F
0-2: Fly out, F7 (Flyball, 7)
Bottom of the 2nd over - 0 runs, 1 hit, 0 errors, 1 left on base; Tortolita 0 - Alloway 0
TOP OF THE 3RD
Tortolita Drummers batting - Pitching for Alloway Halberds : RHP Antonio Godfrey
Batting: RHB Sean Godron 0-0: Ground out 6-3 (Groundball, 6)
Batting: SHB Cash Masters 0-0: Called Strike
0-1: Ball
1-1: Ball
2-1: Ground out 5-3 (Groundball, 56)
Batting: RHB Ricardo Pacheco 0-0: Ball
1-0: Foul Ball, location: 2F
1-1: SINGLE (Flyball, 89S)
Batting: SHB Javier Vázquez 0-0: Ball
1-0: Called Strike
1-1: Foul Ball, location: 2F
1-2: Ball
2-2: Ground out 5-3 (Groundball, 5L)
Top of the 3rd over - 0 runs, 1 hit, 0 errors, 1 left on base; Tortolita 0 - Alloway 0
BOTTOM OF THE 3RD
Alloway Halberds batting - Pitching for Tortolita Drummers : LHP Paul Díaz
Batting: SHB Jack MacAsgill 0-0: Ball
1-0: Foul Ball, location: 2F
1-1: Ball
2-1: Ball
3-1: Fly out, F4 (Line Drive, 4M)
Batting: RHB Tracy Parker 0-0: Ball
1-0: Fly out, F9 (Flyball, 9)
Batting: RHB Vito Middendorf 0-0: Called Strike
0-1: Ball
1-1: Swinging Strike
1-2: SINGLE (Line Drive, 56)
Batting: RHB Dave Ash 0-0: Ball
1-0: Ball
2-0: Foul Ball, location: 2F
2-1: Fly out, F9 (Flyball, 9)
Bottom of the 3rd over - 0 runs, 1 hit, 0 errors, 1 left on base; Tortolita 0 - Alloway 0
TOP OF THE 4TH
Tortolita Drummers batting - Pitching for Alloway Halberds : RHP Antonio Godfrey
Batting: RHB Jim Burch 0-0: Ball
1-0: Foul Ball, location: 2F
1-1: Foul Ball, location: 2F
1-2: Ball
2-2: Ground out 6-3 (Groundball, 6)
Batting: LHB Steve Costillo 0-0: Foul Ball, location: 2F
0-1: Ball
1-1: Foul Ball, location: 2F
1-2: Ball
2-2: Foul Ball, location: 2F
2-2: Strikes out looking
Batting: RHB Jesús Cisneros 0-0: Swinging Strike
0-1: Foul Ball, location: 2F
0-2: Strikes out swinging
Top of the 4th over - 0 runs, 0 hits, 0 errors, 0 left on base; Tortolita 0 - Alloway 0
BOTTOM OF THE 4TH
Alloway Halberds batting - Pitching for Tortolita Drummers : LHP Paul Díaz
Batting: RHB Jerry Yates 0-0: Called Strike
0-1: Foul Ball, location: 2F
0-2: Ball
1-2: Strikes out swinging
Batting: RHB Carlos De Jesús 0-0: Ball
1-0: Fly out, F7 (Line Drive, 7D)
Batting: RHB Juan Salinas 0-0: Ball
1-0: Ball
2-0: Foul Ball, location: 2F
2-1: Foul Ball, location: 2F
2-2: SINGLE (Groundball, 34D)
Batting: RHB Jordan Hollins 0-0: Ball
1-0: Called Strike
Juan Salinas steals 2nd base
1-1: Foul Ball, location: 2F
1-2: Ball
2-2: Ball
3-2: Foul Ball, location: 2F
3-2: Base on Balls
Batting: RHB Bryan Clifton 0-0: Swinging Strike
0-1: Ball
1-1: Ball
2-1: Foul Ball, location: 2F
2-2: Ball
3-2: Foul Ball, location: 2F
3-2: Ground out 4-3 (Groundball, 4)
Bottom of the 4th over - 0 runs, 1 hit, 0 errors, 2 left on base; Tortolita 0 - Alloway 0
TOP OF THE 5TH
Tortolita Drummers batting - Pitching for Alloway Halberds : RHP Antonio Godfrey
Batting: SHB Anthony Hopkins 0-0: Ball
1-0: Ball
2-0: Called Strike
2-1: DOUBLE (Flyball, 89D)
Batting: RHB Jeb Sexton 0-0: Fly out, F9 (Flyball, 89XD)
Runner from 2nd tags up, SAFE at 3rd, no throw
Batting: RHB Sean Godron 0-0: Ball
1-0: Called Strike
1-1: Swinging Strike
1-2: Strikes out swinging
Batting: SHB Cash Masters 0-0: Ball
1-0: Swinging Strike
1-1: Foul Ball, location: 2F
1-2: Strikes out swinging
Top of the 5th over - 0 runs, 1 hit, 0 errors, 1 left on base; Tortolita 0 - Alloway 0
BOTTOM OF THE 5TH
Alloway Halberds batting - Pitching for Tortolita Drummers : LHP Paul Díaz
Batting: SHB Jack MacAsgill 0-0: Fly out, F9 (Line Drive, 89S)
Batting: RHB Tracy Parker 0-0: Ball
1-0: Fly out, F7 (Flyball, 7LS)
Batting: RHB Vito Middendorf 0-0: Called Strike
0-1: Foul Ball, location: 2F
0-2: Ball
1-2: Ball
2-2: SINGLE (Groundball, 56D)
Batting: RHB Dave Ash 0-0: Called Strike
Vito Middendorf steals 2nd base
0-1: Ball
1-1: Ball
2-1: Ball
3-1: Foul Ball, location: 2F
3-2: SINGLE (Line Drive, 7S)
Vito Middendorf to third
Vito Middendorf scores
Batting: RHB Jerry Yates 0-0: Ball
1-0: Ball
2-0: Foul Ball, location: 2F
2-1: SINGLE (Line Drive, 4MD)
Dave Ash to second
Runner from 2nd tries for 3rd, OUT!
Bottom of the 5th over - 1 run, 3 hits, 0 errors, 1 left on base; Tortolita 0 - Alloway 1
TOP OF THE 6TH
Tortolita Drummers batting - Pitching for Alloway Halberds : RHP Antonio Godfrey
Now in CF: Octávio Beltzán
Batting: RHB Ricardo Pacheco 0-0: SINGLE (Groundball, 4MD)
Batting: SHB Javier Vázquez 0-0: Called Strike
0-1: Ball
1-1: Ball
2-1: Foul Ball, location: 2F
2-2: Foul Ball, location: 2F
2-2: Fly out, F4 (Flyball, 4D)
Batting: RHB Jim Burch 0-0: Ball
1-0: Grounds into double play, 5-4-3 (Groundball, 56)
Top of the 6th over - 0 runs, 1 hit, 0 errors, 0 left on base; Tortolita 0 - Alloway 1
BOTTOM OF THE 6TH
Alloway Halberds batting - Pitching for Tortolita Drummers : LHP Paul Díaz
Batting: RHB Carlos De Jesús 0-0: Ball
1-0: Called Strike
1-1: Called Strike
1-2: Foul Ball, location: 2F
1-2: Ball
2-2: Ball
3-2: Foul Ball, location: 2F
3-2: Foul Ball, location: 2F
3-2: SINGLE (Flyball, 9S)
Batting: RHB Juan Salinas 0-0: Grounds into double play, 5-4-3 (Groundball, 56)
Batting: RHB Jordan Hollins 0-0: Ball
1-0: Called Strike
1-1: Ball
2-1: Ball
3-1: Foul Ball, location: 2F
3-2: Foul Ball, location: 2F
3-2: Ground out 6-3 (Groundball, 6)
Bottom of the 6th over - 0 runs, 1 hit, 0 errors, 0 left on base; Tortolita 0 - Alloway 1
TOP OF THE 7TH
Tortolita Drummers batting - Pitching for Alloway Halberds : RHP Antonio Godfrey
Batting: LHB Steve Costillo 0-0: Foul Ball, location: 2F
0-1: Ball
1-1: Swinging Strike
1-2: Fly out, F4 (Line Drive, 4)
Batting: RHB Jesús Cisneros 0-0: Ground out 4-3 (Groundball, 34)
Batting: SHB Anthony Hopkins 0-0: SINGLE (Flyball, 9S)
Pinch Hitting: LHB Bernardo Elías 0-0: Ball
1-0: Ball
Anthony Hopkins steals 2nd base
2-0: Fly out, F7 (Flyball, 7LSF)
Top of the 7th over - 0 runs, 1 hit, 0 errors, 1 left on base; Tortolita 0 - Alloway 1
BOTTOM OF THE 7TH
Alloway Halberds batting - Pitching for Tortolita Drummers : LHP Paul Díaz
Now in RF: Bernardo Elías
Batting: RHB Bryan Clifton 0-0: Called Strike
0-1: Fly out, F8 (Flyball, 8RD)
Batting: SHB Jack MacAsgill 0-0: Foul Ball, location: 2F
0-1: DOUBLE (Line Drive, 78D)
Batting: RHB Tracy Parker 0-0: Intentional Walk
Pinch Hitting: RHB Ethan Stanford 0-0: Ball
1-0: Foul Ball, location: 2F
1-1: Ball
2-1: Ball
Wild Pitch!
Jack MacAsgill to third
Tracy Parker to second
3-1: Intentional Walk
Pitching: RHP Sukejuro Yokoyama
Pinch Hitting: RHB Lúcio López 0-0: Ball
1-0: Called Strike
1-1: Fly out, F7 (Flyball, 7LS)
Runner from 3rd tags up, SCORES, no throw
Batting: RHB Jerry Yates 0-0: Ball
1-0: Swinging Strike
1-1: Foul Ball, location: 2F
1-2: Ball
2-2: Fly out, F7 (Flyball, 7)
Bottom of the 7th over - 1 run, 1 hit, 0 errors, 2 left on base; Tortolita 0 - Alloway 2
TOP OF THE 8TH
Tortolita Drummers batting - Pitching for Alloway Halberds : RHP Antonio Godfrey
Now at 2B: Ethan Stanford
Batting: RHB Sean Godron 0-0: Foul Ball, location: 2F
Now at 2B: Christovăo Galho 0-1: Ground out 4-3 (Groundball, 4M)
Batting: SHB Cash Masters 0-0: Swinging Strike
0-1: Ball
1-1: Ball
2-1: Ball
3-1: Base on Balls
Batting: RHB Ricardo Pacheco 0-0: Called Strike
0-1: Foul Ball, location: 2F
0-2: SINGLE (Groundball, 34D)
Cash Masters to second
Runner from 2nd tries for 3rd, SAFE, no throw
Batting: SHB Javier Vázquez 0-0: Ball
1-0: Ball
2-0: Foul Ball, location: 2F
2-1: Foul Ball, location: 2F
2-2: Foul Ball, location: 2F
2-2: Ball
3-2: Foul Ball, location: 2F
3-2: Grounds into double play, 6-4-3 (Groundball, 6)
Top of the 8th over - 0 runs, 1 hit, 0 errors, 1 left on base; Tortolita 0 - Alloway 2
BOTTOM OF THE 8TH
Alloway Halberds batting - Pitching for Tortolita Drummers : RHP Sukejuro Yokoyama
Batting: RHB Carlos De Jesús 0-0: Ball
1-0: Called Strike
1-1: Ball
2-1: Ball
3-1: Foul Ball, location: 2F
3-2: Foul Ball, location: 2F
3-2: Fly out, F7 (Flyball, 78S)
Batting: RHB Juan Salinas 0-0: Ball
1-0: Ball
2-0: Called Strike
2-1: Ball
3-1: Base on Balls
Batting: RHB Jordan Hollins 0-0: Fly out, F8 (Flyball, 8LS)
Batting: RHB Bryan Clifton 0-0: Called Strike
0-1: Foul Ball, location: 2F
0-2: Foul Ball, location: 2F
0-2: Ball
1-2: Ball
2-2: Foul Ball, location: 2F
2-2: Ball
3-2: Ground out 4-3 (Groundball, 4)
Bottom of the 8th over - 0 runs, 0 hits, 0 errors, 1 left on base; Tortolita 0 - Alloway 2
TOP OF THE 9TH
Tortolita Drummers batting - Pitching for Alloway Halberds : RHP Antonio Godfrey
Pitching: RHP Bryan Tuff
Batting: RHB Jim Burch 0-0: Foul Ball, location: 2F
0-1: Called Strike
0-2: Ball
1-2: Strikes out swinging
Batting: LHB Steve Costillo 0-0: Called Strike
0-1: Swinging Strike
0-2: Ball
1-2: Ball
2-2: Strikes out swinging
Batting: RHB Jesús Cisneros 0-0: Fly out, F3 (Popup, 3SF)
Top of the 9th over - 0 runs, 0 hits, 0 errors, 0 left on base; Tortolita 0 - Alloway 2
Sunday, March 18th, 2018 - OOTP Baseball 18.8 Build 76